cohdb
Replays
Latest Replays
All Replays
Popular Replays
Top Player Replays
Match Explorer
How It Works
Community
CoH3 Stats
Reddit
Sign in to upload your games and track your stats! →
Sign in with Steam
Match 41861268
Unlisted
Match 41861268
Overview
Messages
Build Orders
End
Kradschützen Motorcycle Team
Selects Italian Combined Arms Battlegroup
Selects Bersaglieri Squad
Bersaglieri Squad
Bersaglieri Squad
Construct Light Support Kompanie
Selects Bersaglieri Bolster
Bersaglieri Squad
Selects Breda Model 30 Light Machine Guns
Panzerjäger Squad
2.5-tonne Medical Truck
Construct Mechanized Kompanie
Support Armor Elements
Selects Semovente da 75/18 Assault Gun
Pak 38 Anti-tank Gun Team
StuG III D Assault Gun
Panzerpioneer Squad
Panzerjäger Squad
Selects Carro Armato M13/40 Light Tank
Selects Pact of Steel
Carro Armato M13/40 Light Tank
Carro Armato M13/40 Light Tank
Tungsten Core Ammunition
Emergency Repair Kits
deadsadbadmad
companyHOLLAND
0
0
Comments
sign in to comment!
No comments posted yet!